 Dungeon Crawl Stone Soup version 0.24.0-2-g5b39cebb1c (webtiles) character file.

Game seed: 11515439186281321683, levelgen mode: deterministic

70 Gumption the Grave Robber (level 4, 0/33 HPs)
             Began as a Ghoul Necromancer on Oct 30, 2019.
             Killed from afar by Sigmund (11 damage)
             ... with a puff of flame
             ... on level 2 of the Dungeon.
             The game lasted 00:20:40 (1978 turns).

Gumption the Grave Robber (Ghoul Necromancer)       Turns: 1978, Time: 00:20:41

Health: 0/33       AC:  2    Str: 11    XL:     4   Next: 22%
Magic:  5/6        EV: 12    Int: 11    God:
Gold:   104        SH:  0    Dex:  9    Spells: 3/8 levels left

rFire    . . .     SeeInvis .   a - +3 short sword (venom)
rCold    + . .     Gourm    .   (no shield)
rNeg     + + +     Faith    .   m - +0 robe
rPois    ∞         Spirit   .   (no helmet)
rElec    .         Reflect  .   (no cloak)
rCorr    .         Harm     .   (no gloves)
MR       .....                  (no boots)
Stlth    +.........             (no amulet)
HPRegen  0.00/turn              (no ring)
MPRegen  0.10/turn              (no ring)

@: confused, rotting
A: rotting body, claws 1, carnivore, cold resistance 1, negative energy
resistance 3, inhibited regeneration, torment resistance, unbreathing
a: no special abilities


You were on level 2 of the Dungeon.
You were hungry.

You visited 1 branch of the dungeon, and saw 2 of its levels.

You collected 104 gold pieces.

Inventory:

Hand Weapons
 a - a +3 short sword of venom (weapon)
Missiles
 b - a poisoned dart (quivered)
 f - 92 stones
Armour
 m - a +0 robe (worn)
Scrolls
 g - a scroll of teleportation {unknown}
 k - a scroll of amnesia {unknown}
 l - 2 scrolls of identify {unknown}
Potions
 c - a potion of mutation {unknown}
 d - a potion of might {unknown}
 h - a potion of agility {unknown}
 j - 2 potions of brilliance {unknown}
Comestibles
 e - 2 rations


   Skills:
 + Level 0.0 Fighting
 - Level 1.7 Dodging
 + Level 2.2 Stealth
 + Level 2.5 Spellcasting
 * Level 5.1 Necromancy


You had 3 spell levels left.
You knew the following spells:

 Your Spells              Type           Power        Failure   Level  Hunger
a - Pain                  Necr           ##..         3%          1    ##.....
b - Animate Skeleton      Necr           N/A          3%          1    ##.....
c - Vampiric Draining     Necr           ##........   10%         3    ####...

Your spell library contained the following spells:

 Spells                   Type           Power        Failure   Level  Hunger
 Regeneration             Chrm/Necr      #.........   28%         3    ####...
 Animate Dead             Necr           N/A          32%         4    #####..


Dungeon Overview and Level Annotations

Branches:
Dungeon (2/15)

Altars:
Gozag

Annotations:
D:2 Sigmund


Innate Abilities, Weirdness & Mutations

Your body is rotting away.
You thrive on raw meat.
You are immune to poison.
You have sharp fingernails.
You are carnivorous and can eat meat at any time.
Your flesh is cold resistant. (rC+)
You are immune to negative energy. (rN+++)
You do not regenerate when monsters are visible.
You are immune to unholy pain and torment.
You can survive without breathing.


Message History

Sigmund misses you.
Some of the chunks of flesh in your inventory have rotted away.
Sigmund gestures wildly while chanting.
Sigmund flickers and vanishes!
Deactivating autopickup; reactivate with Ctrl-A.
All of the chunks of flesh in your inventory have rotted away.
Sigmund gestures at you while chanting. The puff of flame hits you.
There is a stone staircase leading up here.
Casting: Pain (safe; 3% risk of failure)
Confirm with . or Enter, or press ? or * to list all spells.
Aiming: Pain (safe; 3% risk of failure)
Press: ? - help, Shift-Dir - straight line, f/p - Sigmund
Aim: Sigmund, wielding a +0 scythe of flaming and wearing a +0 robe (lightly wounded, chance to defeat MR: 76%) Sigmund writhes in agony.
Sigmund casts a spell at you.
You are confused.
Sigmund casts a spell at you. The puff of flame hits you!
You die...

#.### ##.##...##.#
#...# ### #.##.###..#
#.#.###.####.#..###.##
#.#...#..##@........#
#..##.#............##
##.##...###........#
#l.##..@##.......##
##.###...#.......# #S#
##@.###....## #### #g#
#......##..####... #.#
#.###....#......#. #.#
#.# .... .....#.. #.#
#.. ..........#
##.####.# . .......#
#....##.# ........
#....##.# ............
#....##.# ###..
#.......


You could see Sigmund.

Vanquished Creatures
  4 adders
  A leopard gecko (D:2)
  2 goblins
  8 hobgoblins
  5 jackals (D:2)
  4 bats
  A frilled lizard (D:2)
  3 kobolds
  A rat (D:1)
29 creatures vanquished.

Vanquished Creatures (collateral kills)
  An ooze (D:2)
  A worm (D:2)
  3 giant cockroaches (D:2)
  A kobold (D:2)
  A rat (D:2)
7 creatures vanquished.

Grand Total: 36 creatures vanquished

Notes
Turn   | Place    | Note
-------+----------+-------------------------------------------
     0 | D:1      | Gumption the Ghoul Necromancer began the quest for the Orb.
     0 | D:1      | Reached XP level 1. HP: 14/14 MP: 2/2
     2 | D:1      | Learned a level 1 spell: Animate Skeleton
   374 | D:1      | Reached XP level 2. HP: 13/18 MP: 0/4
  1201 | D:2      | Reached XP level 3. HP: 26/26 MP: 2/5
  1449 | D:2      | Reached skill level 5 in Necromancy
  1684 | D:2      | Reached XP level 4. HP: 33/33 MP: 2/6
  1689 | D:2      | Learned a level 3 spell: Vampiric Draining
  1739 | D:2      | Found an opulent altar of Gozag.
  1915 | D:2      | Noticed Sigmund
  1978 | D:2      | Killed from afar by Sigmund

Levels and vault maps discovered:
D:1:      lightli_arrival_lavapool, layout_loops_ring
D:2:      layout_rooms, grunt_gozag_statues, uniq_sigmund

Skill      XL: |  1  2  3 |
---------------+----------+-----
Spellcasting   | 2 |  2.5
Necromancy     | 5 |  5.1
Dodging        | |  1.7
Stealth        | |  2.2

Action                   |  1- 3 |  4- 6 || total
-------------------------+-------+-------++-------
Melee: Unarmed           |    40 |       ||    40
       Short sword       |       |     7 ||     7
Throw: Dart              |     6 |     6 ||    12
 Cast: Pain              |    38 |     7 ||    45
       Animate Skeleton  |    10 |     1 ||    11
 Stab: Sleeping          |     1 |       ||     1
  Eat: Chunk             |     4 |       ||     4
Armor: Robe              |     8 |       ||     8
Dodge: Dodged            |    33 |     5 ||    38
